Map: Traitor's Exile

Players

OpuS

  • Race: Protoss Protoss
  • League: Platinum
  • Spawn Location: 5:00

Sketchaphone

  • Race: Zerg Zerg
  • League: Platinum
  • Spawn Location: 6:00

mom

  • Race: Protoss Protoss
  • League: Platinum
  • Spawn Location: 12:00

JobDraconis

  • Race: Zerg Zerg
  • Spawn Location: 9:00

VOD

Have the link to the VOD?

Description

Time

  • Played on: Feb. 23, 2019, 9:11 p.m.
  • Length: 9:43
Show
View Real Time Build Order
Export as new Build Order

OpuS Protoss 

Build Orders: Oracle Opening 

Get SALT Encoding   

  12  0:00  Probe  
  13  0:13  Probe  
  14  0:20  Pylon  
  14  0:25  Probe  
  15  0:38  Probe  
  16  0:43  Gateway  
  16  0:46  Probe  
  16  0:53  Assimilator  
  16  0:54  Probe  
  17  0:58  Assimilator  
  18  1:09  Gateway  
  17  1:45  Nexus  
  17  1:47  Probe  
  18  1:55  Probe  
  19  2:03  Cybernetics Core  
  19  2:11  Pylon  
  19  2:20  Probe  
  20  2:42  Probe, Stargate  
  20  2:48  Shield Battery  
  20  2:50  Probe  
  21  2:56  Warp Gate  
  22  3:00  Probe  
  22  3:01  Probe  
  24  3:09  Stalker x2  
  28  3:17  Probe x2  
  30  3:20  Oracle  
  30  3:21  Pylon  
  33  3:42  Probe x2  
  33  3:47  Adept x2  
  39  4:08  Fleet Beacon  
  39  4:33  Void Ray  
  39  4:40  Probe x2  
  39  4:45  Zealot x2  
  49  4:57  Gateway  
  49  4:58  Probe x2  
  51  5:02  Gateway  
  51  5:10  Probe x2  
  51  5:12  Pylon  
  53  5:18  Robotics Facility  
  53  5:19  Tempest  
  53  5:23  Pylon  
  53  5:33  Probe x2  
  60  5:45  Probe x2  
  60  5:46  Assimilator  
  60  5:48  Pylon  
  62  5:50  Assimilator  
  62  5:55  Tempest  
  62  6:03  Probe x2  
  69  6:17  Zealot x2  
  69  6:18  Zealot x2  
  77  6:25  Twilight Council  
  77  6:33  Robotics Bay  
  65  6:44  Zealot x4  
  65  6:46  Probe x2  
  63  6:56  Void Ray  
  63  6:58  Probe  
  56  7:13  Zealot x4  
  50  7:44  Zealot x2  
  25  8:27  Nexus  
  25  8:29  Pylon  
  25  8:32  Assimilator  
  25  8:36  Assimilator  
  25  8:47  Cybernetics Core  
  24  9:26  Stargate  
Show
View Real Time Build Order
Export as new Build Order

Sketchaphone Zerg 

Build Orders: Hatch First 

Get SALT Encoding   

  12  0:02  Drone  
  13  0:12  Overlord  
  13  0:19  Drone  
  14  0:23  Extractor  
  14  0:24  Drone  
  15  0:32  Drone  
  16  0:36  Drone  
  17  0:58  Hatchery  
  17  1:01  Drone  
  17  1:03  Drone  
  18  1:08  Extractor  
  17  1:14  Drone  
  18  1:34  Spawning Pool  
  18  1:35  Drone  
  18  1:36  Drone  
  19  1:40  Overlord  
  19  1:53  Drone  
  21  2:01  Drone  
  21  2:13  Drone  
  21  2:14  Drone  
  23  2:23  Overlord  
  23  2:30  Lair  
  23  2:32  Queen  
  23  2:35  Drone  
  23  2:36  Drone x2  
  28  2:51  Drone  
  28  2:57  Zergling x2  
  28  2:58  Metabolic Boost  
  30  2:59  Drone  
  30  3:01  Roach Warren  
  30  3:03  Zergling x2  
  30  3:04  Drone  
  32  3:16  Drone  
  33  3:20  Drone  
  33  3:21  Evolution Chamber, Drone  
  33  3:26  Zergling x2  
  35  3:27  Zergling x2  
  36  3:34  Spine Crawler  
  36  3:37  Spine Crawler  
  36  3:39  Queen  
  36  3:45  Zergling x2  
  36  3:48  Zergling x2  
  36  3:55  Hatchery  
  26  3:56  Zergling x2  
  14  4:03  Drone  
  14  4:14  Drone x2  
  8  4:38  Drone  
  9  4:48  Drone  
  10  5:05  Spore Crawler  
  9  5:09  Drone  
  10  5:24  Drone  
  10  5:28  Drone  
  12  5:35  Drone  
  14  5:42  Drone  
  14  5:49  Drone  
  15  5:54  Drone  
  16  6:00  Drone  
  17  6:07  Drone  
  17  6:09  Drone  
  19  6:17  Drone x2  
  20  6:21  Drone  
  20  6:25  Drone  
  22  6:36  Roach  
  22  6:37  Roach  
  22  6:39  Drone  
  27  6:40  Drone  
  27  6:43  Drone  
  29  6:48  Roach  
  29  6:51  Roach  
  33  7:09  Roach x3  
  39  7:17  Zergling x4  
  39  7:20  Overlord  
  39  7:22  Overlord  
  41  7:24  Overlord  
  41  7:39  Roach  
  41  7:43  Roach  
  43  7:52  Roach  
  43  7:53  Roach  
  43  7:57  Zergling x14  
  46  8:06  Roach  
  46  8:09  Drone x2  
  50  8:23  Zergling x6  
  53  8:30  Zergling x6  
  56  8:36  Zergling x2  
  56  8:41  Spine Crawler  
  56  8:44  Spine Crawler  
  55  8:53  Overlord, Roach x3  
  61  8:58  Roach  
  63  9:07  Overlord x2  
  63  9:12  Overlord  
  63  9:15  Drone  
Show
View Real Time Build Order
Export as new Build Order

mom Protoss 

Build Orders:  

Get SALT Encoding   

  12  0:01  Probe  
  13  0:13  Probe  
  14  0:26  Pylon, Probe  
  15  0:44  Probe  
  15  0:46  Gateway  
  16  0:52  Probe  
  17  0:57  Assimilator  
  17  1:06  Gateway  
  17  1:07  Probe  
  18  1:16  Probe  
  18  1:24  Probe  
  20  1:38  Pylon  
  20  1:41  Zealot, Cybernetics Core  
  22  1:52  Probe  
  23  1:57  Assimilator  
  23  2:17  Nexus  
  23  2:24  Probe  
  24  2:31  Warp Gate  
  24  2:32  Probe  
  25  2:38  Shield Battery  
  25  2:42  Probe  
  26  2:54  Adept, Probe  
  29  3:06  Probe  
  30  3:14  Gateway  
  30  3:15  Probe  
  30  3:17  Pylon  
  31  3:25  Probe  
  31  3:32  Probe  
  33  3:36  Probe  
  34  3:44  Probe  
  35  4:00  Gateway  
  35  4:01  Probe x2  
  37  4:07  Gateway  
  37  4:08  Gateway  
  33  4:22  Stalker x2  
  33  4:23  Stalker  
  31  4:38  Probe x2  
  33  4:53  Pylon  
  33  4:59  Probe x2  
  35  5:08  Probe  
  35  5:09  Probe  
  37  5:15  Pylon  
  37  5:16  Probe  
  37  5:17  Probe  
  39  5:25  Twilight Council  
  39  5:27  Probe  
  39  5:30  Robotics Facility  
  39  5:31  Probe  
  40  5:35  Probe  
  40  5:39  Probe  
  42  5:43  Probe  
  44  5:53  Stalker  
  44  5:54  Stalker  
  48  5:58  Probe x2  
  50  6:04  Charge  
  50  6:08  Templar Archives  
  50  6:11  Probe x2  
  52  6:25  Probe  
  52  6:26  Probe  
  52  6:48  Stalker  
  52  6:49  Stalker x4  
  62  6:57  Pylon  
  62  6:59  Pylon  
  60  7:45  Stalker x3  
  60  7:46  Stalker x3  
  63  8:13  Stalker x3, Probe  
  63  8:14  Stalker x3, Probe  
  77  8:22  Probe  
  77  8:24  Probe  
  78  8:27  Assimilator  
  77  8:34  Probe  
  78  8:58  Pylon  
  78  9:01  Pylon  
  78  9:03  Pylon  
  78  9:16  Probe x2  
  80  9:18  Nexus  
  80  9:20  Pylon  
  80  9:22  Pylon  
  80  9:28  Probe  
  81  9:43  Zealot x2  
Show
View Real Time Build Order
Export as new Build Order

JobDraconis Zerg 

Build Orders: Hatch First 

Get SALT Encoding   

  12  0:01  Drone  
  13  0:11  Drone  
  14  0:18  Overlord  
  14  0:37  Drone x2  
  14  0:42  Drone  
  17  0:50  Drone  
  18  1:03  Drone  
  18  1:04  Hatchery  
  18  1:16  Spawning Pool  
  18  1:18  Extractor  
  16  1:19  Drone  
  17  1:29  Drone  
  18  1:44  Drone  
  18  1:45  Drone  
  20  1:51  Overlord  
  20  2:02  Queen  
  22  2:13  Drone  
  23  2:16  Queen  
  23  2:22  Metabolic Boost  
  25  2:24  Zergling x4  
  27  2:46  Zergling x10  
  32  2:57  Queen  
  34  2:58  Queen  
  34  3:00  Overlord  
  36  3:20  Drone  
  36  3:21  Overlord, Drone x4  
  36  3:25  Drone  
  42  3:57  Drone x4  
  42  3:58  Drone x3  
  47  4:23  Spore Crawler  
  43  4:26  Spore Crawler  
  43  4:30  Spore Crawler  
  39  4:32  Spore Crawler  
  38  4:42  Lair  
  38  4:48  Roach Warren, Extractor  
  38  4:50  Extractor  
  35  4:53  Extractor  
  35  4:56  Overlord x2  
  35  4:57  Drone x7  
  41  5:18  Zergling x2  
  41  5:19  Zergling x6  
  45  5:40  Glial Reconstitution  
  45  5:42  Roach  
  47  5:43  Roach x6  
  47  5:48  Overlord x2  
  59  5:59  Evolution Chamber x2  
  57  6:08  Zergling x2  
  57  6:09  Zergling x14  
  65  6:22  Drone  
  65  6:23  Drone x4  
  60  6:49  Roach x5  
  69  7:05  Roach  
  69  7:06  Roach x3  
  75  7:12  Zerg Missile Weapons Level 1  
  75  7:13  Zerg Ground Armor Level 1  
  73  7:33  Hatchery  
  71  7:48  Drone  
  71  7:49  Drone x7  
  71  8:03  Overlord x3, Drone x3  
  74  8:13  Overlord  
  74  8:25  Spire  
  74  8:26  Overlord x2, Drone  
  74  8:35  Roach  
  74  8:36  Roach  
  78  8:48  Hydralisk Den  
  77  8:53  Roach x8  
  93  8:59  Queen  
  95  9:06  Drone x3  
Tags
 
Add a new tag
Caveats
  • Supply blocks, unpowered buildings, or Contaminate may cause inaccurate times.
  • Supply counts are checked every 10 seconds.